 Dungeon Crawl Stone Soup version 0.31-a0-175-g9f7f995f2b (webtiles) character file.

Game seed: 15859165859851475620

37 qw the Shooter (level 3, -2/21 HPs)
             Began as a Gargoyle Hunter on June 17, 2023.
             Slain by an orc
             ... wielding a +1 short sword of electrocution
              (5 damage)
             ... on level 3 of the Dungeon.
             The game lasted 00:00:30 (1225 turns).

qw the Shooter (Gargoyle Hunter)                    Turns: 1225, Time: 00:00:30

Health: -2/21      AC: 10    Str: 14    XL:     3   Next: 39%
Magic:  3/3        EV: 11    Int:  9    God:
Gold:   121        SH:  0    Dex: 17    Spells: 2/2 levels left

rFire   . . .        Y - +0 shortbow
rCold   . . .        (shield currently unavailable)
rNeg    + . .        k - +0 ring mail of Sin {rPois Dex+2}
rPois   inf          (no helmet)
rElec   +            (no cloak)
rCorr   .            g - +1 pair of gloves
SInv    .            (no boots)
Will    .....        h - amulet of reflection Stlth
                     (no ring)
HPRegen 0.23/turn    (no ring)
MPRegen 0.08/turn

%: reflection
@: confused
A: sickness immunity, AC +3, negative energy resistance 1, electricity
resistance, torment resistance 1, petrification resistance
a: no special abilities


You were on level 3 of the Dungeon.
You visited 1 branch of the dungeon, and saw 3 of its levels.

You collected 121 gold pieces.


Innate Abilities, Weirdness & Mutations

You are immune to sickness and miasma.
Your stone body is resilient. (AC +3)
You are immune to poison.
You resist negative energy. (rN+)
You are resistant to electric shocks. (rElec)
You are resistant to unholy torment.
You are immune to petrification.


   Skills:
 + Level 2.1 Fighting
 - Level 5.0 Ranged Weapons
 - Level 1.0 Armour
 - Level 1.5 Dodging
 - Level 1.1 Stealth


You had 2 spell levels left.
You didn't know any spells.
Your spell library was empty.

Inventory:

Hand Weapons
 Y - a +0 shortbow (weapon)
Armour
 g - a +1 pair of gloves (worn)
 k - the +0 ring mail of Sin (worn) {rPois Dex+2}
   (You found it on level 2 of the Dungeon)

   Dex:       It affects your dexterity (+2).
   rPois:     It protects you from poison.
Jewellery
 h - an amulet of reflection (around neck)
Scrolls
 d - a scroll of identify
Potions
 b - a potion of magic
 c - a potion of ambrosia {unknown}
 e - a potion of lignification
 i - a potion of curing {unknown}

Dungeon Overview and Level Annotations

Branches:
Dungeon (3/15)

Altars:


Message History

The orc is severely wounded.
The orc hits you with a +0 flail.
Something hits you but does no damage. x2
The orc barely misses you.
1215 ||| DRINKING potion of heal wounds.
You feel much better. The orc misses you. You block something's attack.
You shoot an arrow. The arrow hits the orc.
You kill the orc!
Something hits you but does no damage.
You shoot an arrow. The arrow hits the orc.
The orc is heavily wounded.
Something completely misses you. The orc barely misses you.
You shoot an arrow. The arrow hits the orc.
The orc is almost dead.
Something hits you. You block the orc's attack.
You shoot an arrow. The arrow hits the orc.
You kill the orc!
You block something's attack. Something hits you.
The orc hits you but does no damage.
Your Ranged Weapons skill increases to level 5!
You shoot an arrow. The arrow closely misses the orc.
You block the orc's attack. Something hits you.
You shoot an arrow. The arrow barely misses the orc.
The orc hits you with a +1 short sword of electrocution.
Something hits you.
You shoot an arrow. The arrow hits the orc.
The orc is severely wounded.
The orc hits you but does no damage.
You hear some strange, mumbled words.
A magic dart appears from out of thin air!
The magic dart hits you but does no damage.
You shoot an arrow. The arrow closely misses the orc.
The orc barely misses you.
You hear some strange, mumbled words.
You are confused.
The orc hits you with a +1 short sword of electrocution.
Something hits you but does no damage. The orc closely misses you.
Something hits you.
The orc hits you with a +1 short sword of electrocution.
You die...

###########
#.........# ### ###
#.........# .... ....
#........<#....?
.....#........%%......
....#................
....................
.#.)..............
#{@).............
...[..o#########......
.....?. ...... .......
##### .)..... .......
...!..[ ##..##.


You could see an orc.

Vanquished Creatures
  A dart slug (D:1)
  7 orcs (D:3)
  3 goblins
  6 hobgoblins
  2 kobolds (D:2)
  A quokka (D:1)
  2 bats
  A frilled lizard (D:3)
  A rat (D:2)
24 creatures vanquished.

Notes
Turn   | Place    | Note
-------+----------+-------------------------------------------
     0 | D:1      | qw the Gargoyle Hunter began the quest for the Orb.
     0 | D:1      | Reached XP level 1. HP: 12/12 MP: 1/1
     0 | D:1      | 0 ||| qw: Version: 0.3-a-3-g30531e4
     0 | D:1      | 0 ||| qw: Game counter: 405
     0 | D:1      | 0 ||| qw: Always use a shield: true
     0 | D:1      | 0 ||| qw: God list: Okawaru
     0 | D:1      | 0 ||| qw: Allow faded altars: false
     0 | D:1      | 0 ||| qw: Do Orc after D:15 true
     0 | D:1      | 0 ||| qw: Do second Lair branch before Depths: true
     0 | D:1      | 0 ||| qw: Lair rune preference: random
     0 | D:1      | 0 ||| qw: Plans: Normal, Zot:1-4, Slime:5, God:TSO, Crypt,
                  | Tomb, Abyss, Pan, Hells, Win
     0 | D:1      | 0 ||| PLANNING D:1-11
   397 | D:1      | Reached XP level 2. HP: 17/17 MP: 2/2
   729 | D:1      | 729 ||| UPGRADING to +0 ring mail.
   739 | D:1      | 739 ||| DROPPING +0 leather armour.
   740 | D:1      | 740 ||| UPGRADING to +0 pair of gloves.
   745 | D:1      | 745 ||| READING scroll labelled VEXKAE VESECH.
   746 | D:1      | 746 ||| READING scroll labelled KIECWY MERGHESM.
   749 | D:1      | 749 ||| READING scroll labelled HUT JUSAOTSOAF.
   750 | D:1      | 750 ||| READING scroll labelled SEUSITUT XETSU.
   762 | D:1      | 762 ||| DRINKING 2 fuming grey potions.
   802 | D:1      | 802 ||| DROPPING scroll of butterflies.
   960 | D:2      | Identified the +0 ring mail of Sin {rPois Dex+2}
  1135 | D:2      | 1135 ||| UPGRADING to +0 ring mail of Sin {rPois Dex+2}.
  1145 | D:2      | 1145 ||| DROPPING +0 ring mail.
  1146 | D:2      | 1146 ||| UPGRADING to amulet of reflection.
  1151 | D:2      | 1151 ||| READING scroll labelled RAAFAENTOQ.
  1152 | D:2      | 1152 ||| READING 2 scrolls labelled QACAHI LOOZ.
  1153 | D:2      | 1153 ||| READING 2 scrolls labelled HELLIBYSHI.
  1154 | D:2      | 1154 ||| READING scroll labelled GYBUVE FECRA.
  1155 | D:2      | 1155 ||| READING scroll labelled ODOLLA TI HAZI.
  1156 | D:2      | 1156 ||| DRINKING 2 ruby potions.
  1157 | D:2      | 1157 ||| DRINKING 2 sapphire potions.
  1158 | D:2      | 1158 ||| DROPPING scroll of fear.
  1175 | D:3      | Reached skill level 1 in Armour
  1182 | D:3      | 1182 ||| READING scroll of enchant armour.
  1182 | D:3      | 1182 ||| ENCHANTING +0 pair of gloves.
  1191 | D:3      | Reached XP level 3. HP: 19/21 MP: 3/3
  1214 | D:3      | HP: 4/21 [orc/+0 flail (4)]
  1215 | D:3      | 1215 ||| DRINKING potion of heal wounds.
  1220 | D:3      | Reached skill level 5 in Ranged Weapons
  1224 | D:3      | HP: 3/21 [something (4)]
  1225 | D:3      | Slain by an orc

Levels and vault maps discovered:
D:1:      evilmike_arrival_crescent, layout_loops_corners
D:2:      layout_rooms
D:3:      layout_rooms, mainiacjoe_overflow_surrounded_room, serial_shops, shop

Skill      XL: |  1  2  3 |
---------------+----------+-----
Armour         | 1 |  1.0
Ranged Weapons | 5 |  5.0
Fighting       | |  2.1
Dodging        | |  1.5
Stealth        | |  1.1

Action                     || total
---------------------------++-------
   Fire: Shortbow          ||    85
    Use: Scroll            ||    10
         Potion            ||     4
 Armour: Leather armour    ||     4
         Ring mail         ||    42
  Dodge: Dodged            ||    48
  Block: Other             ||    18
         Reflection        ||     1

Table legend:
 A = Non-vault XP
 B = Vault XP
 C = Vault XP percentage of total XP
 D = Non-vault monster count
 E = Vault monster count
 F = Vault count percentage of total count
                 A         B        C        D         E       F
            +---------+---------+-------+---------+---------+-------
      Total |      53 |       0 |   0.0 |      24 |       0 |   0.0
            +---------+---------+-------+---------+---------+-------
        D:1 |      19 |       0 |   0.0 |       9 |       0 |   0.0
        D:2 |       8 |       0 |   0.0 |       5 |       0 |   0.0
        D:3 |      26 |       0 |   0.0 |      10 |       0 |   0.0
            +---------+---------+-------+---------+---------+-------
